 Dungeon Crawl Stone Soup version 0.29.1-12-g30fa7ad0bf (webtiles) character file.

Game seed: 11483740197104542612

695 LustLizard the Skirmisher (level 7, -4/33 HPs)
             Began as a Spriggan Hunter on Dec 23, 2022.
             Was a Follower of Dithmenos.
             Killed from afar by Sigmund (10 damage)
             ... with a magic dart
             ... on level 5 of the Dungeon.
             The game lasted 00:08:01 (4363 turns).

LustLizard the Skirmisher (Spriggan Hunter)         Turns: 4363, Time: 00:08:01

Health: -4/33      AC:  2    Str:  7    XL:     7   Next: 37%
Magic:  8/8        EV: 18    Int: 11    God:    Dithmenos [*.....]
Gold:   56         SH:  0    Dex: 20    Spells: 6/6 levels left

rFire   + . .      SeeInvis +   u - +0 arbalest (flame)
rCold   . . .      Faith    .   (shield currently unavailable)
rNeg    . . .      Spirit   .   c - +0 robe
rPois   .          Reflect  .   (helmet restricted)
rElec   .          Harm     .   (no cloak)
rCorr   .          Rampage  .   (gloves unavailable)
Will    +....                   (boots unavailable)
Stlth   +.........              (no amulet)
HPRegen 0.11/turn               d - ring of flight
MPRegen 0.11/turn               q - ring of protection from fire

@: confused, flying, wreathed by umbra, very quick
A: very small, no large weapons, unfitting armour, see invisible, speed 3
a: Renounce Religion


You were on level 5 of the Dungeon.
You worshipped Dithmenos.
Dithmenos was aware of your devotion.
You visited 1 branch of the dungeon, and saw 5 of its levels.

You collected 197 gold pieces.
You spent 141 gold pieces at shops.

Inventory:

Hand Weapons
 a - a +0 shortbow
 u - a +0 arbalest of flaming (weapon)
Armour
 c - a +0 robe (worn)
 k - a +0 buckler
Jewellery
 d - a ring of flight (left hand)
 q - a ring of protection from fire (right hand)
 r - a ring of protection from cold
Scrolls
 b - a scroll of immolation
 f - a scroll of summoning {unknown}
 g - 3 scrolls of identify
 h - 2 scrolls of vulnerability {unknown}
 i - a scroll of poison {unknown}
 j - a scroll of noise {unknown}
 n - 2 scrolls of silence {unknown}
 p - a scroll of butterflies {unknown}
 t - a scroll of fear {unknown}
 w - a scroll of teleportation {unknown}
Potions
 e - 2 potions of curing
 l - a potion of invisibility
 m - 2 potions of brilliance
 o - a potion of flight
 s - a potion of might {unknown}
 v - a potion of lignification {unknown}
 x - 2 potions of magic {unknown}


   Skills:
 - Level 1.5 Fighting
 * Level 8.6 Ranged Weapons
 - Level 2.6 Dodging
 - Level 1.5 Stealth
 + Level 1.9 Shields


You had 6 spell levels left.
You didn't know any spells.
Your spell library contained the following spells:

 Spells                   Type           Power      Damage    Failure   Level
 Sublimation of Blood     Necr           0%         N/A       47%         2
 Petrify                  Tmut/Erth      0%         N/A       98%         4
 Irradiate                Conj/Tmut      0%         3d11      100%        5
 Metabolic Englaciation   Hex/Ice        0%         N/A       100%        5
 Statue Form              Tmut/Erth      0%         N/A       100%        6


Dungeon Overview and Level Annotations

Branches:
Dungeon (5/15)
 Temple: D:4-7

Altars:
Dithmenos
Uskayaw

Shops:
D:2 [*:(   D:3 !   D:4 =

Annotations:
D:5 Sigmund


Innate Abilities, Weirdness & Mutations

You are very small and have problems with some larger weapons.
You are too small for most types of armour.
You have supernaturally acute eyesight. (SInv)
You cover ground extremely quickly. (Speed+++)


Message History

Fire: u) +0 arbalest (flame)
Press: ? - help, Q - select action Shift-Dir - straight line, f/p - gnoll
Aim: a gnoll, wielding a +0 halberd (covering ground quickly, 65% to hit)
You shoot a bolt. The bolt hits the gnoll.
The bolt burns the gnoll.
The gnoll is lightly wounded.
The gnoll closely misses you.
Sigmund drinks a potion.
Sigmund seems to speed up.
There is an escape hatch in the floor here.
Fire: u) +0 arbalest (flame)
Press: ? - help, Q - select action Shift-Dir - straight line, f - gnoll
Aim: a gnoll, wielding a +0 halberd (lightly wounded, covering ground quickly, 65% to hit)
You shoot a bolt. The bolt hits the gnoll.
The bolt burns the gnoll.
The gnoll is heavily wounded.
The gnoll hits you from afar with a +0 halberd!
The gnoll is no longer moving quickly.
Fire: u) +0 arbalest (flame)
Press: ? - help, Q - select action Shift-Dir - straight line, f/p - gnoll
Aim: a gnoll, wielding a +0 halberd (heavily wounded, 65% to hit)
You shoot a bolt. The bolt hits the gnoll!
The bolt burns the gnoll.
You kill the gnoll!
Dithmenos accepts your kill. Sigmund casts a spell at you.
You are confused.
Non-targeted confused fire: u) +0 arbalest (flame)
Press: ? - help, Q - select action Dir - look around, f - activate You shoot a bolt.
Unknown command.
Non-targeted confused fire: u) +0 arbalest (flame)
Press: ? - help, Q - select action Dir - look around, f - activate You shoot a bolt.
Sigmund hits you from afar with a +0 scythe.
Unknown command.
Sigmund breathes a few words.
Sigmund's hands start flickering wildly.
Sigmund gestures at you while chanting. The magic dart hits you!
* * * LOW HITPOINT WARNING * * *
Sigmund gestures at you while chanting. The magic dart hits you!
You die...

....# #.# #.# ..[.## #.# #.#
#.@..## #.# #.# #.....# #.#
#.# ......# #.# ##########
#.# .....>###.###........#
#.# .###........)..@.....#
#.# # ##.###.###.....)..#
#.# #.# #.# #...@.)..#####
#.# #####.# #.#
########.....# #.# ......#
#.# #.)...# #.# #####.# #.#
#..<..# #.#
#.###.##########.....# #.#
#.[..................###.###
#........>...........).....#
####..##########......<....#
#..# #...........#


You could see Sigmund (fast, invisible).

Vanquished Creatures
  Edmund (D:5)
  A black bear (D:4)
  An ogre (D:4)
  A necrophage (D:4)
  A bullfrog (D:4)
  A gnoll bouda (D:4)
  A jelly (D:4)
  Robin (D:2)
  6 gnolls (D:5)
  5 adders
  4 worms
  A dart slug (D:1)
  7 orcs
  6 endoplasms
  5 giant cockroaches
  17 goblins
  10 hobgoblins
  3 jackals (D:3)
  6 quokkas
  6 ball pythons
  4 bats
  3 frilled lizards
  11 kobolds
  4 rats
106 creatures vanquished.

Vanquished Creatures (others)
  3 plants (D:3)
3 creatures vanquished.

Grand Total: 109 creatures vanquished

Notes
Turn   | Place    | Note
-------+----------+-------------------------------------------
     0 | D:1      | LustLizard the Spriggan Hunter began the quest for the Orb.
     0 | D:1      | Reached XP level 1. HP: 10/10 MP: 2/2
   319 | D:1      | Reached XP level 2. HP: 14/14 MP: 3/3
   844 | D:2      | Found Zoupra's General Store.
   868 | D:2      | Found Wypnedd's Armour Boutique.
  1040 | D:2      | Reached skill level 5 in Ranged Weapons
  1042 | D:2      | Reached XP level 3. HP: 18/18 MP: 4/4
  1305 | D:2      | Noticed Robin
  1325 | D:2      | Killed Robin
  1419 | D:2      | Reached XP level 4. HP: 22/22 MP: 5/5
  1499 | D:2      | Found Xaegin's Book Shop.
  1502 | D:2      | You are sucked into a shaft and drop 1 floor!
  1782 | D:2      | Found Sokk's Weapon Boutique.
  1896 | D:2      | Reached skill level 6 in Ranged Weapons
  1918 | D:2      | Found a shadowy altar of Dithmenos.
  1970 | D:2      | Became a worshipper of Dithmenos the Shadowed
  2102 | D:3      | Found Syckam's Distillery.
  2539 | D:2      | Bought a +0 arbalest of flaming for 141 gold pieces
  2720 | D:3      | Reached XP level 5. HP: 19/25 MP: 6/6
  2792 | D:3      | Reached * piety under Dithmenos
  3077 | D:4      | Noticed a black bear
  3121 | D:4      | Killed a black bear
  3122 | D:4      | Reached skill level 7 in Ranged Weapons
  3166 | D:4      | Reached XP level 6. HP: 30/30 MP: 7/7
  3361 | D:4      | Found Utuzoch's Jewellery Shop.
  3792 | D:4      | Reached skill level 8 in Ranged Weapons
  3792 | D:4      | Reached skill level 1 in Shields
  3877 | D:5      | Entered Level 5 of the Dungeon
  3894 | D:4      | Reached XP level 7. HP: 12/33 MP: 8/8
  4176 | D:5      | Found a hide-covered altar of Uskayaw.
  4188 | D:5      | Noticed Edmund
  4239 | D:5      | Killed Edmund
  4324 | D:5      | Noticed Sigmund
  4363 | D:5      | Killed from afar by Sigmund

Illustrated notes

Levels and vault maps discovered:
D:1:      wander_arrival_peaceful_grave, layout_basic
D:2:      layout_basic, serial_shops, nicolae_shop_behind_doors,
          nicolae_lakefront_shop, nicolae_shop_competitors_out_of_business,
          nicolae_shop_temple_entry_statues_fountains, basic_altar,
          minmay_vboxes, uniq_robin
D:3:      corexii_shack_village, layout_basic, serial_shops, shop
D:4:      kb_forest_paths, layout_loops_ring, serial_shops,
          nicolae_shop_waterfront
D:5:      kennysheep_windowed_halls, layout_rooms, nicolae_uskayaw_dance_hall,
          nicolae_kite_square_tiling_tiny, uniq_edmund, uniq_sigmund

Skill      XL: |  1  2  3  4  5  6 |
---------------+-------------------+-----
Ranged Weapons | 5 6 7 8 |  8.6
Shields        | 1 |  1.9
Fighting       | |  1.5
Dodging        | |  2.6
Stealth        | |  1.5

Action                   |  1- 3 |  4- 6 |  7- 9 || total
-------------------------+-------+-------+-------++-------
 Fire: Shortbow          |    87 |    77 |       ||   164
       Arbalest          |       |    70 |    35 ||   105
  Use: Scroll            |     2 |     2 |       ||     4
Armor: Robe              |     3 |     4 |       ||     7
Dodge: Dodged            |    22 |    38 |    13 ||    73
